Map: Cerulean Fall LE

Players

THERIDDLER - Winner!

  • Race: Terran Terran
  • Spawn Location: 7:00

Raze

  • Race: Protoss Protoss
  • Spawn Location: 1:00

Event: WCS Montreal 2018

VOD

Have the link to the VOD?

Description

Time

  • Played on: Sept. 7, 2018, 12:30 p.m.
  • Length: 14:47

All games in this series

Show
View Real Time Build Order
Export as new Build Order

THERIDDLER Terran - Winner!

Build Orders: MMM Bio 

Get SALT Encoding   

  12  0:00  SCV  
  13  0:13  SCV  
  14  0:17  Supply Depot  
  14  0:25  SCV  
  15  0:39  SCV  
  15  0:40  Barracks  
  16  0:51  SCV  
  16  0:52  Refinery  
  17  1:03  SCV  
  18  1:15  SCV  
  19  1:28  Marine  
  19  1:29  Orbital Command  
  20  1:41  Command Center  
  20  1:47  Barracks Reactor  
  20  1:53  Supply Depot  
  20  1:57  SCV  
  21  2:09  SCV  
  22  2:16  Factory  
  22  2:18  Refinery  
  22  2:21  SCV  
  23  2:25  Marine  
  23  2:26  Marine  
  25  2:33  SCV  
  26  2:43  Marine x2  
  28  2:45  SCV  
  29  2:57  SCV  
  30  2:59  Orbital Command  
  30  3:02  Starport  
  30  3:08  Widow Mine x2  
  33  3:13  Barracks Tech Lab  
  33  3:14  SCV  
  34  3:26  SCV  
  35  3:27  SCV  
  35  3:30  Supply Depot  
  35  3:34  Widow Mine  
  38  3:37  Widow Mine  
  38  3:38  SCV  
  38  3:39  SCV  
  42  3:43  Medivac  
  44  3:49  Marine  
  44  3:50  SCV  
  44  3:52  SCV, Stimpack  
  47  3:57  Widow Mine  
  47  4:01  Supply Depot  
  47  4:02  SCV  
  50  4:04  SCV  
  51  4:12  Widow Mine  
  53  4:19  SCV  
  53  4:20  Supply Depot  
  53  4:22  Medivac  
  53  4:24  SCV  
  56  4:31  Bunker, Marauder  
  58  4:34  SCV  
  58  4:36  SCV  
  60  4:39  Widow Mine  
  60  4:42  Widow Mine  
  60  4:43  Barracks  
  60  4:44  Barracks  
  64  4:47  SCV  
  64  4:52  SCV  
  66  4:54  Marauder, Starport Reactor  
  66  4:59  SCV  
  69  5:04  SCV  
  70  5:17  Factory Reactor  
  70  5:18  Command Center  
  70  5:19  Supply Depot  
  70  5:26  Supply Depot  
  70  5:29  Refinery  
  70  5:32  Barracks Tech Lab  
  70  5:41  Medivac, Marauder, SCV x2  
  68  5:43  Refinery  
  64  5:53  Marauder, SCV x2, Marine x2  
  66  5:57  Widow Mine  
  66  6:03  Marauder  
  68  6:05  SCV x2  
  68  6:07  Medivac  
  68  6:10  Supply Depot  
  68  6:11  Marine x2, Supply Depot  
  72  6:15  Marauder  
  72  6:16  Widow Mine  
  72  6:17  SCV x2  
  80  6:21  Engineering Bay  
  80  6:25  Marine  
  81  6:26  Medivac, Widow Mine  
  81  6:29  SCV x2, Marine  
  81  6:30  Marine  
  81  6:31  Orbital Command  
  89  6:36  Barracks  
  89  6:49  Marine x2  
  89  6:50  Barracks Tech Lab, Combat Shields  
  89  6:51  Marauder, Barracks  
  93  6:59  Medivac  
  95  7:03  Orbital Command  
  95  7:07  Marine x2  
  97  7:09  Marine  
  97  7:10  Widow Mine x2  
  97  7:11  Medivac  
  97  7:12  Marauder  
  106  7:16  Engineering Bay, Supply Depot  
  106  7:18  Terran Infantry Weapons Level 1  
  106  7:19  SCV  
  106  7:20  Supply Depot  
  106  7:21  SCV  
  108  7:27  Marauder  
  110  7:31  SCV  
  110  7:32  SCV  
  110  7:33  SCV, Marine x2  
  110  7:34  Marauder, Barracks Reactor  
  117  7:38  Widow Mine x2, Barracks Tech Lab  
  117  7:43  SCV  
  117  7:44  SCV  
  122  7:45  SCV  
  122  7:48  Marine  
  122  7:49  Medivac  
  125  7:51  Marine x2  
  125  7:54  Liberator  
  125  7:55  SCV, Ghost Academy  
  125  7:56  Marauder, SCV  
  125  7:57  SCV  
  128  8:06  Marauder  
  128  8:07  SCV  
  128  8:08  SCV  
  128  8:09  SCV  
  128  8:11  Widow Mine x2, Refinery  
  128  8:12  Marine x3  
  133  8:14  Marauder  
  133  8:20  Supply Depot  
  133  8:21  Supply Depot  
  133  8:22  Supply Depot  
  133  8:23  SCV x3, Marine x2  
  138  8:27  Marine  
  138  8:29  Marine x2  
  138  8:30  Refinery  
  141  8:40  Supply Depot  
  141  8:42  Marauder x2, SCV x2, Marine x2, Supply Depot  
  141  8:44  Terran Infantry Armor Level 1  
  141  8:45  Ghost  
  141  8:47  Marine x2  
  141  8:48  Armory  
  151  8:59  Marine x2  
  151  9:02  SCV x3  
  150  9:03  Marine  
  150  9:04  Marauder  
  150  9:05  Marine x2  
  144  9:12  Medivac  
  144  9:13  Medivac  
  144  9:14  Marauder, SCV, Widow Mine  
  151  9:17  Marine x2  
  151  9:21  Marine  
  151  9:23  Marine x2  
  156  9:24  Widow Mine  
  156  9:25  Marauder  
  158  9:35  Marauder, Marine x2  
  158  9:36  SCV  
  158  9:39  Marauder  
  158  9:41  Marine x2  
  150  9:46  Marauder  
  150  9:47  Medivac, Widow Mine x2  
  147  9:53  Marine x2  
  147  9:57  Marauder  
  147  9:58  Marine  
  147  9:59  Marine  
  140  10:00  Marauder  
  140  10:02  Medivac  
  137  10:08  Marauder  
  137  10:09  Widow Mine  
  137  10:11  Widow Mine, Marine x2  
  145  10:14  Barracks  
  145  10:15  Barracks  
  145  10:16  Marine  
  145  10:17  Medivac  
  145  10:18  Marauder  
  148  10:22  Marauder  
  150  10:29  Marauder  
  150  10:31  Marine x2  
  150  10:32  Medivac  
  154  10:36  Command Center  
  154  10:38  Marine x2  
  154  10:40  Marauder  
  154  10:42  Widow Mine  
  160  10:43  Marauder  
  160  10:47  Medivac  
  160  10:49  Marine x2  
  161  10:50  Marauder  
  161  10:56  Marine x2  
  162  10:57  Widow Mine  
  162  11:00  Marine  
  162  11:02  Marine x2  
  163  11:05  Marauder  
  163  11:09  Marine  
  137  11:11  Marine  
  137  11:12  Marauder  
  137  11:13  Marine x2  
  133  11:19  Marauder, Marine  
  133  11:20  Widow Mine x2, Marine  
  133  11:24  SCV  
  141  11:26  Marauder  
  141  11:30  Terran Infantry Weapons Level 2  
  141  11:32  Marine x2  
  143  11:33  Marauder  
  143  11:35  Missile Turret  
  143  11:38  Medivac x2  
  151  11:40  Marauder, Barracks Tech Lab  
  151  11:42  Barracks Tech Lab  
  153  11:47  Marauder  
  153  11:53  Widow Mine, Marine  
  158  11:55  Marauder  
  158  12:01  Ghost  
  159  12:02  Supply Depot  
  159  12:04  Planetary Fortress  
  159  12:06  Supply Depot  
  159  12:08  Medivac  
  163  12:18  Ghost x4  
  163  12:19  Marine  
  163  12:20  Marine  
  163  12:21  Widow Mine x2  
  175  12:24  Terran Infantry Armor Level 2  
  175  12:29  Ghost  
  172  12:34  Marine  
  144  12:38  Marine  
  144  12:39  Marine  
  144  12:42  Marine  
  126  12:47  Marauder x2, Marine  
  126  12:48  Marauder  
  125  12:52  Marine  
  125  12:55  Medivac x2  
  125  12:56  Marine  
  125  12:57  Marine  
  130  12:59  Marauder, Marine  
  130  13:05  Personal Cloaking  
  130  13:06  Marauder  
  130  13:07  Widow Mine  
  130  13:09  Marauder x3, Marine  
  131  13:13  Marine  
  131  13:15  Marine  
  131  13:17  Marine  
  134  13:20  Marauder  
  134  13:21  Widow Mine  
  134  13:25  Medivac x2  
  144  13:27  Marauder, Marine  
  144  13:29  Widow Mine, Ghost  
  144  13:30  Marine x2  
  144  13:31  Marine  
  144  13:32  Marine, Refinery  
  153  13:35  Marine  
  153  13:41  Marauder  
  153  13:45  Marine  
  153  13:48  Marauder x3  
  162  13:49  Marine  
  162  13:50  Marine  
  162  13:51  Widow Mine x2  
  162  13:53  Marine  
  162  13:55  Medivac  
  171  13:58  Command Center  
  171  13:59  Marauder  
  172  14:03  Marauder, Marine  
  172  14:07  Marine  
  172  14:09  Marauder  
  179  14:10  Marauder x2  
  176  14:17  Marine  
  176  14:20  Marauder  
  176  14:22  Marine x2  
  174  14:24  Marauder  
  169  14:34  Starport  
  169  14:35  Starport  
Show
View Real Time Build Order
Export as new Build Order

Raze Protoss 

Build Orders: 1 Gate Expand, Blink Stalkers 

Get SALT Encoding   

  12  0:00  Probe  
  13  0:12  Probe  
  14  0:17  Pylon  
  14  0:23  Probe  
  15  0:31  Probe  
  15  0:37  Gateway  
  15  0:39  Probe  
  16  0:46  Assimilator  
  17  0:51  Probe  
  18  1:03  Probe  
  19  1:15  Probe  
  20  1:25  Nexus  
  20  1:34  Cybernetics Core  
  20  1:37  Probe  
  21  1:41  Assimilator  
  21  1:49  Probe  
  22  1:54  Pylon  
  22  2:01  Probe  
  22  2:03  Adept  
  23  2:11  Warp Gate  
  23  2:13  Probe  
  26  2:25  Robotics Facility, Probe  
  27  2:32  Stalker  
  27  2:34  Probe  
  29  2:38  Probe  
  29  2:42  Probe  
  31  2:50  Probe  
  33  2:52  Twilight Council  
  33  3:02  Stalker, Probe  
  33  3:03  Probe  
  37  3:14  Probe  
  37  3:16  Probe  
  37  3:18  Observer  
  40  3:20  Blink  
  40  3:22  Pylon  
  40  3:26  Probe  
  41  3:28  Probe  
  41  3:34  Stalker  
  44  3:39  Gateway, Probe  
  45  3:41  Gateway  
  45  3:50  Probe  
  45  3:51  Probe  
  45  3:54  Pylon  
  47  4:02  Shield Battery  
  47  4:05  Observer  
  47  4:06  Probe x2  
  50  4:12  Pylon  
  50  4:19  Probe x2  
  50  4:21  Stalker  
  54  4:37  Probe x2  
  56  4:38  Stalker x2  
  56  4:41  Assimilator  
  56  4:43  Assimilator  
  56  4:44  Stalker  
  62  4:49  Nexus  
  62  4:51  Pylon  
  62  4:52  Probe  
  63  4:57  Probe  
  64  5:04  Observer  
  65  5:07  Forge  
  65  5:09  Forge  
  65  5:11  Probe x2  
  65  5:13  Pylon  
  67  5:19  Charge  
  67  5:22  Stalker  
  67  5:23  Stalker, Probe  
  67  5:25  Stalker  
  74  5:32  Probe  
  75  5:40  Gateway  
  75  5:45  Gateway  
  75  5:47  Gateway  
  75  5:54  Protoss Ground Weapons Level 1, Protoss Ground Armor Level 1, Probe x2  
  74  6:05  Probe  
  74  6:06  Probe x2  
  74  6:11  Sentry x2  
  81  6:12  Observer  
  81  6:17  Probe  
  81  6:18  Probe  
  83  6:20  Immortal  
  83  6:21  Probe  
  88  6:29  Pylon  
  88  6:37  Probe x2  
  90  6:44  Observer  
  84  6:49  Probe  
  84  6:50  Probe x2  
  84  6:51  Stalker x2  
  84  6:52  Stalker  
  87  6:57  Probe  
  87  6:58  Probe  
  87  6:59  Immortal, Probe  
  87  7:00  Templar Archives  
  91  7:02  Pylon  
  91  7:04  Assimilator  
  91  7:05  Probe, Observer  
  91  7:07  Assimilator  
  94  7:11  Probe x2, Zealot x3  
  94  7:15  Pylon  
  103  7:21  Gateway  
  103  7:24  Gateway  
  103  7:25  Pylon  
  103  7:30  Probe  
  103  7:31  Probe  
  103  7:37  Zealot x4  
  113  7:48  Immortal  
  115  8:03  Zealot x6  
  115  8:05  Protoss Ground Weapons Level 2  
  121  8:09  Probe x3  
  121  8:12  Protoss Ground Armor Level 2  
  119  8:17  Psionic Storm  
  119  8:31  High Templar  
  119  8:34  High Templar x2  
  123  8:37  Pylon  
  125  8:42  Photon Cannon  
  125  8:43  Pylon  
  125  8:54  Warp Prism, Robotics Bay  
  125  8:55  Probe  
  121  9:02  Zealot  
  121  9:03  Zealot x4  
  120  9:15  Zealot x3  
  108  9:27  Stalker x4  
  116  9:33  Probe x2  
  114  9:45  Zealot x3  
  90  9:53  Zealot  
  90  9:54  High Templar  
  76  10:03  Probe x2  
  76  10:04  Probe  
  79  10:15  Probe  
  79  10:18  High Templar  
  82  10:22  High Templar x3  
  82  10:24  Probe  
  89  10:31  Probe  
  89  10:32  Probe  
  91  10:36  Probe  
  91  10:38  Stalker  
  91  10:41  Stalker  
  96  10:50  Zealot x2  
  94  11:00  Zealot x3  
  100  11:10  Stalker  
  100  11:11  Stalker  
  92  11:15  Probe x2, Observer  
  94  11:23  Probe  
  95  11:27  Probe x2  
  95  11:31  Shield Battery  
  95  11:32  High Templar x2  
  99  11:38  Zealot  
  99  11:39  Zealot  
  105  11:46  Probe x3  
  108  11:49  High Templar x2  
  108  11:54  Archon  
  112  11:58  Probe x3  
  115  12:09  Zealot x4  
  115  12:10  Probe x2  
  119  12:23  High Templar x2  
  119  12:24  Zealot  
  123  12:34  Zealot x3  
  123  12:35  Zealot x2  
  105  12:41  Probe  
  92  12:45  High Templar  
  85  12:55  Zealot x4  
  85  12:56  Zealot x2  
  85  12:57  Zealot  
  96  13:02  Probe x2  
  98  13:13  Probe  
  98  13:14  Probe  
  98  13:15  Probe  
  98  13:19  Colossus, Observer  
  107  13:35  High Templar x2  
  107  13:36  High Templar  
  101  13:44  Stalker x2  
  105  13:51  Stalker x2  
  108  14:09  Archon  
  104  14:12  Zealot x6  
  82  14:30  Zealot x2  
  70  14:32  Zealot x5  
  80  14:39  High Templar  
Tags
 
Add a new tag
Caveats
  • Supply blocks, unpowered buildings, or Contaminate may cause inaccurate times.
  • Supply counts are checked every 10 seconds.